 Dungeon Crawl Stone Soup version 0.26-b1-32-g5d43845318 (webtiles) character file.

Game seed: 17533466152028609960

333 MajorAdolf the Sneak (level 6, 0/56 HPs)
             Began as a Naga Wanderer on Jan 8, 2021.
             Was an Initiate of Gozag.
             Slain by a centaur (6 damage)
             ... on level 3 of the Dungeon.
             The game lasted 00:04:37 (3664 turns).

MajorAdolf the Sneak (Naga Wanderer)                Turns: 3664, Time: 00:04:37

Health: 0/56       AC:  7    Str: 14    XL:     6   Next: 52%
Magic:  6/6        EV:  5    Int: 13    God:    Gozag
Gold:   159        SH:  0    Dex: 12    Spells: 5/5 levels left

rFire    . . .     SeeInvis +   g - +2 hand axe (venom)
rCold    . . .     Faith    .   (no shield)
rNeg     + . .     Spirit   .   o - +0 chain mail
rPois    +         Reflect  .   (no helmet)
rElec    .         Harm     .   (no cloak)
rCorr    .         Rampage  .   (no gloves)
Will     .....                  (no barding)
Stlth    +.........             (no amulet)
HPRegen  0.18/turn              j - ring of positive energy
MPRegen  0.10/turn              a - ring of stealth

@: gold aura, very slow
A: large, see invisible, deformed body, poison resistance, slowness 2, spit
poison 1, AC +2
a: Spit Poison, Renounce Religion, Potion Petition, Call Merchant, Bribe Branch


You were on level 3 of the Dungeon.
You worshipped Gozag.
Gozag was aware of your devotion.
You visited 1 branch of the dungeon, and saw 3 of its levels.

You collected 205 gold pieces.
You paid 46 gold pieces to Gozag.

Inventory:

Hand Weapons
 g - a +2 hand axe of venom (weapon)
Armour
 e - a +0 robe
 o - a +0 chain mail (worn)
Jewellery
 a - a ring of stealth (right hand)
 i - a -4 ring of dexterity
 j - a ring of positive energy (left hand)
Scrolls
 f - a scroll of enchant armour
 h - 3 scrolls of remove curse
 k - a scroll of enchant weapon
 m - 2 scrolls of teleportation {unknown}
 n - a scroll of identify
 p - a scroll of fog {unknown}
Potions
 b - a potion of haste
 c - a potion of curing
 d - a potion of lignification {unknown}
 l - a potion of might {unknown}
 q - a potion of brilliance {unknown}


   Skills:
 + Level 3.1 Fighting
 - Level 3.0 Short Blades
 * Level 2.8 Axes
 - Level 1.0 Throwing
 + Level 3.0 Armour
 + Level 2.3 Dodging
 - Level 4.6 Stealth


You had 5 spell levels left.
You didn't know any spells.
Your spell library was empty.

Dungeon Overview and Level Annotations

Branches:
Dungeon (3/15)

Altars:
Fedhas
Gozag
The Shining One


Innate Abilities, Weirdness & Mutations

You cannot wear boots.
Your serpentine skin is tough. (AC +2)
You have supernaturally acute eyesight. (SInv)
Armour fits poorly on your strangely shaped body.
Your system is resistant to poisons. (rPois)
You cover ground very slowly.
You can spit poison.


Message History

You hit the kobold.
You kill the kobold!
The centaur barely misses you.
The centaur hits you but does no damage.
The kobold barely misses you.
Unknown command.
You hit the centaur but do no damage.
The centaur looks as sick as possible!
The centaur is heavily wounded.
You hit the kobold.
You kill the kobold!
You hit the adder.
The adder is poisoned.
The adder bites you.
* * * LOW HITPOINT WARNING * * *
The centaur barely misses you.
You hit the centaur.
The centaur is almost dead.
You miss the adder. The adder bites you.
* * * LOW HITPOINT WARNING * * *
The centaur hits you.
You die...
Your body crumbles into a pile of gold.

.# ##..... .###....#...
.# .#...#....... .##
........#.#.. ..
.....#....##.####.######
.).........)............
.......#................
........##......$S....#
........#.#.....@c...#
.........#.##..$...##.#
..........##.#($..#.#
..........#.#.#$.#.#.#
...........#.##..##.#..
..^.........##....##....
.[......................
..###..................
..##........##....##..


You could see a centaur (extremely poisoned) and an adder (very poisoned).

Vanquished Creatures
  Sigmund (D:2)
  Terence (D:2)
  6 adders
  2 oozes (D:1)
  2 worms (D:2)
  2 dart slugs (D:1)
  3 leopard geckos
  An orc (D:3)
  3 giant cockroaches
  6 goblins
  6 hobgoblins
  6 jackals
  14 kobolds
  A quokka (D:3)
  9 bats
  3 frilled lizards
  A quokka skeleton (D:2)
  13 rats
80 creatures vanquished.

Notes
Turn   | Place    | Note
-------+----------+-------------------------------------------
     0 | D:1      | MajorAdolf the Naga Wanderer began the quest for the Orb.
     0 | D:1      | MajorAdolf set off with the following items: a +2 dagger, a
                  | potion of haste, a potion of curing, a +0 short sword, a +0
                  | robe
     0 | D:1      | Reached XP level 1. HP: 18/18 MP: 1/1
    74 | D:1      | Reached XP level 2. HP: 13/25 MP: 2/2
   404 | D:1      | Reached XP level 3. HP: 10/32 MP: 3/3
   405 | D:1      | Reached skill level 1 in Dodging
  1019 | D:1      | HP: 1/32 [hobgoblin (5)]
  1635 | D:1      | Reached XP level 4. HP: 27/39 MP: 4/4
  1996 | D:2      | Noticed Terence
  2024 | D:2      | Killed Terence
  2025 | D:2      | Reached skill level 1 in Axes
  2289 | D:2      | Reached XP level 5. HP: 40/46 MP: 5/5
  2476 | D:2      | Noticed Sigmund
  3028 | D:2      | Found an opulent altar of Gozag.
  3068 | D:2      | Became a worshipper of Gozag Ym Sagoz the Greedy
  3160 | D:2      | Found a blossoming altar of Fedhas.
  3160 | D:2      | Found a glowing golden altar of the Shining One.
  3268 | D:2      | Killed Sigmund
  3269 | D:2      | Reached XP level 6. HP: 34/56 MP: 6/6
  3664 | D:3      | Slain by a centaur

Illustrated notes

Levels and vault maps discovered:
D:1:      lightli_arrival_lavapool, layout_loops_ring
D:2:      minmay_chambers_of_ones, layout_basic, nicolae_overflow_crystal_walls,
          gammafunk_temple_overflow_elements, uniq_sigmund, uniq_terence
D:3:      corexii_shack_village, layout_rooms, gammafunk_ghost_abyssal_escape,
          minmay_misc_feat_secret_circle

Skill      XL: |  1  2  3  4  5 |
---------------+----------------+-----
Armour         | 2 3 |  3.0
Dodging        | 1 2 |  2.3
Fighting       | 2 3 |  3.1
Axes           | 1 2 |  2.8
Short Blades   | |  3.0
Throwing       | |  1.0
Stealth        | |  4.6

Action                   |  1- 3 |  4- 6 || total
-------------------------+-------+-------++-------
Melee: Dagger            |    69 |    41 ||   110
       Hand axe          |       |    74 ||    74
 Abil: Spit Poison       |     8 |     7 ||    15
  Use: Potion            |     1 |     2 ||     3
       Scroll            |       |     3 ||     3
 Stab: Sleeping          |     6 |     5 ||    11
Armor: Robe              |     7 |    36 ||    43
       Chain mail        |       |    18 ||    18
Dodge: Dodged            |    33 |    76 ||   109
